 Dungeon Crawl Stone Soup version 0.18.1-5-g4a78601 (webtiles) character file.

60 Rattbag the Ruffian (level 3, 0/33 HPs)
             Began as a Troll Transmuter on May 14, 2016.
             Slain by a kobold
             ... wielding a +0 dagger
              (3 damage)
             ... on level 2 of the Dungeon.
             The game lasted 00:08:16 (734 turns).

Rattbag the Ruffian (Troll Transmuter)               Turns: 734, Time: 00:08:17

Health: 0/33       AC:  5    Str: 22    XL:     3   Next: 80%
Magic:  4/4        EV: 10    Int:  9    God:
Gold:   77         SH:  0    Dex: 10    Spells: 1 memorised, 4 levels left

rFire  . . .     SeeInvis .     l - -2 trident (curse)
rCold  . . .     Gourm    +     b - +0 robe
rNeg   . . .     Faith    .     (no shield)
rPois  .         Spirit   .     (helmet restricted)
rElec  .         Dismiss  .     (no cloak)
rCorr  .         Reflect  .     (gloves unavailable)
SustAt .         Harm     .     (boots unavailable)
MR     .....                    (no amulet)
Stlth  +.........               (no ring)
                                k - +3 ring of strength

@: lethally poisoned (0 -> 0), very slightly contaminated, invisible, not
resistant to hostile enchantments, very unstealthy
A: unfitting armour, claws 3, fast metabolism 3, gourmand, regeneration 2,
shaggy fur 1, tough skin 2
a: no special abilities


You were on level 2 of the Dungeon.
You were not hungry.

You visited 1 branch of the dungeon, and saw 2 of its levels.

You collected 77 gold pieces.

Inventory:

Hand Weapons
 j - a +0 whip
 l - a cursed -2 trident (weapon)
Missiles
 a - 23 arrows
Armour
 b - a +0 robe (worn)
Jewellery
 k - a +3 ring of strength (left claw)
Scrolls
 g - 2 scrolls of identify
Potions
 e - a potion of haste
Books
 c - a book of Changes

   Spells                             Type                      Level
   a - Beastly Appendage              Transmutation                1
   b - Sticks to Snakes               Transmutation                2
   c - Spider Form                    Transmutation/Poison         3
   d - Ice Form                       Ice/Transmutation            4
   e - Blade Hands                    Transmutation                5
Comestibles
 d - 2 bread rations
 f - a meat ration


   Skills:
 + Level 1.0 Fighting
 + Level 0.1 Maces & Flails
 + Level 2.1 Dodging
 + Level 3.8 Unarmed Combat
 + Level 1.5 Spellcasting
 + Level 1.4 Transmutations


You had 4 spell levels left.
You knew the following spells:

 Your Spells              Type           Power        Failure   Level  Hunger
a - Beastly Appendage     Trmt           #.....       21%         1    ##.....


Dungeon Overview and Level Annotations

Branches:
Dungeon (2/15)

Altars:
Fedhas


Innate Abilities, Weirdness & Mutations

You are too large for most types of armour.
You have claws for hands.
Your metabolism is lightning-fast.
You like to eat raw meat.
You heal very quickly.
You are covered in fur (AC +1).
You have very tough skin (AC +2).


Message History

Found 17 bolts.
You feel sick.
The kobold shouts!
You feel sick.
You feel sick.
You open the door.
You feel sick.
There is an open door here.
A bat comes into view.
There isn't anything here!
The bat hits you.
* * * LOW HITPOINT WARNING * * *
The kobold closely misses you. The bat misses you.
There is an open door here.
You closely miss the kobold.
You feel sick. The bat hits you but does no damage. The bat closely misses you.
The kobold closely misses you. The kobold barely misses you. The bat hits you.
* * * LOW HITPOINT WARNING * * *
You closely miss the kobold. The bat hits you but does no damage.
The bat barely misses you. The kobold hits you with a dagger.
You die...

.# #.# .#
####.##### ##
#........#
#........#
#........####
####........#
#........#.#
####....(...#.#
#.b@K.........#
#.##..$.....###
#.. #........#
#.. #........#
#.. #...(....#
... #........#
.... ##########
....


You could see a bat and a kobold.

Vanquished Creatures
  5 adders (D:2)
  A worm (D:2)
  A giant cockroach (D:2)
  2 goblins
  3 hobgoblins
  A bat (D:1)
  A kobold (D:1)
  A rat (D:1)
15 creatures vanquished.

Notes
Turn   | Place    | Note
--------------------------------------------------------------
     0 | D:1      | Rattbag the Troll Transmuter began the quest for the Orb.
     0 | D:1      | Reached XP level 1. HP: 18/18 MP: 1/1
   421 | D:2      | Reached XP level 2. HP: 26/26 MP: 3/3
   459 | D:2      | Reached XP level 3. HP: 17/32 MP: 4/4
   493 | D:2      | Found a blossoming altar of Fedhas.
   529 | D:2      | Reached skill level 1 in Fighting
   734 | D:2      | Slain by a kobold

Skill      XL: |  1  2  3 |
---------------+----------+-----
Dodging        | 2 |  2.1
Fighting       | 1 |  1.0
Maces & Flails | |  0.1
Unarmed Combat | |  3.8
Spellcasting   | |  1.5
Transmutations | |  1.4

Action                   || total
-------------------------++-------
Melee: Unarmed           ||    25
       Whip              ||    41
       Trident           ||    25
 Cast: Beastly Appendage ||     1
  Use: Potion            ||     3
       Scroll            ||     2
  Eat: Meat ration       ||     1
Armor: Robe              ||    26
Dodge: Dodged            ||    49
